 Dungeon Crawl Stone Soup version 0.23.2-11-gf996548c65 (webtiles) character file.

Game seed: 3272495870420590624

8068 forge the Martial Artist (level 11, -1/84 HPs)
             Began as an Octopode Transmuter on June 3, 2019.
             Was an Elder of Okawaru.
             Slain by a yak (9 damage)
             ... while paralysed
             ... on level 10 of the Dungeon.
             The game lasted 00:52:57 (13333 turns).

forge the Martial Artist (Octopode Transmuter)     Turns: 13333, Time: 00:52:57

Health: -1/84      AC:  7    Str: 11    XL:     11   Next: 25%
Magic:  30/30      EV:  1    Int: 21    God:    Okawaru [****..]
Gold:   709        SH:  0    Dex: 15    Spells: 13/23 levels left

rFire    . . .     SeeInvis .     - Unarmed
rCold    + + +     Gourm    +   (shield currently unavailable)
rNeg     . . .     Faith    .   (helmet currently unavailable)
rPois    +         Spirit   .   H - amulet of Fidedyreah {Gourm rElec rF+}
rElec    +         Reflect  .   b - +6 ring of intelligence
rCorr    .         Harm     .   v - ring of magical power
MR       .....                  (no ring)
Stlth    ++........             (no ring)
HPRegen  0.24/turn              (no ring)
MPRegen  0.22/turn              (no ring)
                                (no ring)
                                (no ring)

@: paralysed, ice-form, fainting
A: large, almost no armour, stealthy swim, amphibious, 8 rings, (constrict 8)
a: End Transformation, Heroism, Renounce Religion


You were on level 10 of the Dungeon.
You worshipped Okawaru.
Okawaru was greatly pleased with you.
You were fainting.
You were a creature of crystalline ice.
You visited 2 branches of the dungeon, and saw 11 of its levels.

You collected 709 gold pieces.

Inventory:

Hand Weapons
 k - a +0 hand axe of flaming
 I - a +0 mace of draining
Missiles
 a - 205 arrows
 D - 4 tomahawks (quivered)
 F - 4 throwing nets
Jewellery
 b - a +6 ring of intelligence (left front paw)
 d - an uncursed amulet of regeneration
 v - a ring of magical power (right front paw)
 x - an uncursed amulet of the acrobat
 H - the amulet of Fidedyreah (around neck) {Gourm rElec rF+}
   (You took it off a vampire on level 9 of the Dungeon)

   [amulet of the gourmand]

   It allows you to eat raw meat even when not hungry.
   It protects you from fire.
   It insulates you from electricity.
Wands
 f - a wand of enslavement (8)
 o - a wand of random effects (21)
 p - a wand of digging (3)
 q - a wand of polymorph (8)
 y - a wand of disintegration (7)
 C - a wand of flame (20)
Scrolls
 h - 2 scrolls of teleportation
 i - 6 scrolls of fear
 l - 2 scrolls of blinking
 n - 8 scrolls of remove curse
 A - a scroll of enchant weapon {unknown}
 B - 2 scrolls of enchant armour {unknown}
 G - 2 scrolls of identify
Potions
 e - a potion of invisibility
 g - 4 potions of curing
 j - 2 potions of magic
 r - a potion of lignification
 s - 3 potions of agility
 t - 4 potions of haste {unknown}
 u - a potion of mutation {unknown}
 w - 2 potions of might
 z - a potion of brilliance {unknown}
 E - 2 potions of flight {unknown}
 J - a potion of ambrosia {unknown}
Miscellaneous
 m - a phantom mirror
Comestibles
 c - 9 rations
 K - 2 chunks of flesh


   Skills:
 * Level 4.7 Fighting
 + Level 4.2 Dodging
 - Level 1.2 Stealth
 + Level 10.5 Unarmed Combat
 * Level 6.8 Spellcasting
 + Level 6.4 Transmutations
 * Level 6.4 Ice Magic
 - Level 3.3 Poison Magic
 * Level 3.8 Invocations


You had 13 spell levels left.
You knew the following spells:

 Your Spells              Type           Power        Failure   Level  Hunger
a - Beastly Appendage     Tmut           ####..       1%          1    None
b - Sticks to Snakes      Tmut           ####....     1%          2    None
c - Spider Form           Tmut/Pois      ####......   3%          3    #......
d - Ice Form              Ice/Tmut       ####....     6%          4    ###....

Your spell library contained the following spells:

 Spells                   Type           Power        Failure   Level  Hunger
 Blade Hands              Tmut           ####......   19%         5    #####..


Dungeon Overview and Level Annotations

Branches:
Dungeon (10/15)            Temple (1/1) D:5            Lair (0/6) D:8
    Orc: D:9-12

Altars:
Ashenzari
Cheibriados
Dithmenos
Elyvilon
Fedhas
Gozag
Hepliaklqana
Kikubaaqudgha
Makhleb
Nemelex Xobeh
Okawaru
Qazlal
Ru
Sif Muna
Trog
Uskayaw
Vehumet
Wu Jian
Xom
Yredelemnul
Zin
The Shining One

Shops:
D:5 *[}

Annotations:
D:3 Grinder
D:4 2 transporters, exclusion: scorpion
D:8 exclusion: downstairs


Innate Abilities, Weirdness & Mutations

You cannot wear most types of armour.
You are very stealthy in the water. (Stealth+)
You are amphibious.
You can wear up to eight rings at the same time.
((You can use your tentacles to constrict eight enemies at once.))
((Your skin changes colour to match your surroundings (Stealth+).))
((Your rubbery body absorbs attacks. (AC +1, EV +1)))


Message History

You hit the yak. You freeze the yak.
The yak is severely wounded.
The yak gores you.
You punch the yak! You freeze the yak.
The yak is almost dead.
The yak misses you. The yak gores you.
You barely miss the yak.
The yak is almost dead.
The yak gores you!
* * * LOW HITPOINT WARNING * * *
The yak gores you!
* * * LOW HITPOINT WARNING * * *
An orc priest comes into view.
The orc priest shouts!
You hear a shout! x3
You feel better. The yak barely misses you.
You lose consciousness!
The yak gores you!
* * * LOW HITPOINT WARNING * * *
The yak gores you!
You die...

#...........# #
#..########.# #.
#..#......#.# #...
#..#.###....# #....
#..#.# #..###
#....###..#.###..#
#...}.....#....<.#
+.......รท......>##
#.....#.#.Y.(......
#.#'#.#.#Y#.#.####.
#. #.#.#.#.#.## .
.#.#.#.#.#.#
.#.#.#Y#.#.##
.#.#o#.#%#.#..
.#.#.#.#.#.#...
#o#Y#.#.#.#.####
#.#.#.# #.#.#..


You could see a yak, an orc priest and an orc wizard (wandering).

Vanquished Creatures
  Harold (D:8)
  A two-headed ogre (D:9)
  Pikel (D:9)
  An ugly thing (D:9)
  A gargoyle (D:9)
  2 trolls (D:9)
  2 hippogriffs
  A vampire (D:9)
  A basilisk (D:8)
  2 yaks
  2 hungry ghosts
  Menkaure (D:6)
  Edmund (D:5)
  2 ice beasts
  5 orc warriors
  A black bear (D:7)
  2 slaves (D:9)
  2 ogres
  4 centaurs
  3 big kobolds (D:9)
  8 bullfrogs
  A wyvern skeleton (D:6)
  2 scorpions
  3 wights (D:9)
  A howler monkey (D:9)
  An electric eel (D:9)
  A bullfrog zombie (D:6)
  4 crimson imps
  A centaur zombie (D:6)
  4 hounds
  A quasit (D:8)
  An orc priest (D:3)
  2 bullfrog skeletons
  3 iguanas
  A jelly (D:8)
  A centaur skeleton (D:9)
  13 orc wizards
  5 worker ants
  2 killer bee zombies
  A hound zombie (D:8)
  A hound skeleton (D:8)
  4 gnolls (D:8)
  A howler monkey skeleton (D:9)
  14 adders
  A shadow imp (D:8)
  4 oozes
  An adder skeleton (D:4)
  5 worms
  5 leopard geckos
  36 orcs
  A ball python (D:1)
  4 giant cockroaches
  8 goblins
  5 hobgoblins
  5 jackals
  16 kobolds
  3 quokkas
  6 bats
  9 frilled lizards
  6 quokka skeletons
  A quokka zombie (D:7)
  9 rats
237 creatures vanquished.

Vanquished Creatures (collateral kills)
  An adder (D:8)
1 creature vanquished.

Vanquished Creatures (others)
  2 slaves (D:9)
  A howler monkey (D:9)
  2 worker ants (D:9)
  An orc (D:9)
6 creatures vanquished.

Grand Total: 244 creatures vanquished

Notes
Turn   | Place    | Note
-------+----------+-------------------------------------------
     0 | D:1      | forge the Octopode Transmuter began the quest for the Orb.
     0 | D:1      | Reached XP level 1. HP: 13/13 MP: 3/3
   183 | D:1      | Reached XP level 2. HP: 14/18 MP: 3/5
   493 | D:1      | Learned a level 2 spell: Sticks to Snakes
   845 | D:1      | Reached skill level 1 in Stealth
   936 | D:2      | Reached XP level 3. HP: 23/23 MP: 4/6
   950 | D:2      | Learned a level 3 spell: Spider Form
  1244 | D:2      | Found a bloodstained altar of Trog.
  1383 | D:2      | Reached XP level 4. HP: 13/28 MP: 7/7
  1817 | D:2      | Reached skill level 1 in Poison Magic
  2521 | D:3      | Reached skill level 4 in Unarmed Combat
  2599 | D:3      | You fall through a shaft for 2 floors!
  2599 | D:5      | Entered Level 5 of the Dungeon
  2914 | D:5      | Reached XP level 5. HP: 33/33 MP: 7/9
  2958 | D:5      | Found Jauck's General Store.
  3388 | D:4      | Found a transporter.
  3563 | D:4      | Found a transporter.
  3578 | D:4      | Found a hazy altar of Hepliaklqana.
  4110 | D:3      | Reached XP level 6. HP: 33/38 MP: 8/10
  4577 | D:3      | Noticed Grinder
  4650 | D:3      | Learned a level 4 spell: Ice Form
  4937 | D:5      | Reached skill level 5 in Unarmed Combat
  5132 | D:5      | Noticed Edmund
  5168 | D:5      | Killed Edmund
  5168 | D:5      | Reached skill level 1 in Ice Magic
  5168 | D:5      | Reached XP level 7. HP: 24/43 MP: 10/12
  5342 | D:5      | Found Fylugu's Gadget Shoppe.
  5571 | D:5      | Found Fafets's Antique Armour Shoppe.
  5673 | D:5      | Found a staircase to the Ecumenical Temple.
  5679 | Temple   | Entered the Ecumenical Temple
  6120 | D:5      | Found a shadowy altar of Dithmenos.
  6579 | D:6      | Reached skill level 6 in Unarmed Combat
  6579 | D:6      | Reached XP level 8. HP: 46/49 MP: 11/14
  7729 | D:6      | Noticed Menkaure
  8169 | D:6      | Found a shattered altar of Ashenzari.
  8287 | D:6      | HP: 1/50 [Menkaure (25)]
  8300 | D:6      | Killed Menkaure
  8300 | D:6      | Reached skill level 7 in Unarmed Combat
  9019 | D:7      | Noticed a hippogriff
  9027 | D:7      | Reached XP level 9. HP: 54/54 MP: 16/16
  9033 | D:7      | Reached skill level 5 in Transmutations
  9052 | D:7      | Reached skill level 5 in Spellcasting
  9247 | D:7      | Found an iron altar of Okawaru.
  9255 | D:7      | Became a worshipper of Warmaster Okawaru
  9415 | D:7      | Reached skill level 8 in Unarmed Combat
 10220 | D:8      | Found an ornate altar of the Wu Jian Council.
 10221 | D:8      | Found a glowing silver altar of Zin.
 10251 | D:8      | Reached * piety under Okawaru
 10473 | D:8      | Found a staircase to the Lair.
 10492 | D:8      | Reached skill level 5 in Ice Magic
 10528 | D:8      | Found a sacrificial altar of Ru.
 10566 | D:8      | Reached skill level 9 in Unarmed Combat
 10609 | D:8      | Reached XP level 10. HP: 63/63 MP: 18/18
 11071 | D:8      | Found a shattered altar of Ashenzari.
 11071 | D:8      | Found an opulent altar of Gozag.
 11204 | D:8      | Noticed Harold
 11229 | D:8      | Killed Harold
 11229 | D:8      | Reached ** piety under Okawaru
 11229 | D:8      | Reached skill level 1 in Invocations
 11609 | D:9      | Found a white marble altar of Elyvilon.
 11644 | D:9      | Noticed Pikel
 11858 | D:9      | Found a shimmering altar of Xom.
 12047 | D:9      | Killed Pikel
 12047 | D:9      | Reached *** piety under Okawaru
 12230 | D:9      | Noticed a gargoyle
 12233 | D:9      | Noticed a purple ugly thing
 12239 | D:9      | Killed a gargoyle
 12239 | D:9      | Reached **** piety under Okawaru
 12239 | D:9      | Reached skill level 10 in Unarmed Combat
 12246 | D:9      | Noticed a two-headed ogre
 12248 | D:9      | Killed a purple ugly thing
 12248 | D:9      | Reached XP level 11. HP: 36/69 MP: 20/20
 12500 | D:9      | Identified the amulet of Fidedyreah {Gourm rElec rF+}
 13164 | D:9      | Killed a two-headed ogre
 13251 | D:10     | Entered Level 10 of the Dungeon
 13331 | D:10     | Paralysed by fainting for 10 turns
 13333 | D:10     | Slain by a yak

Skill      XL: |  1  2  3  4  5  6  7  8  9 10 11 |
---------------+----------------------------------+-----
Stealth        | 1 |  1.2
Poison Magic   | 1 2 3 |  3.3
Unarmed Combat | 4 5 6 7 9 10 | 10.5
Spellcasting   | 3 4 5 6 |  6.8
Transmutations | 3 4 5 6 |  6.4
Ice Magic      | 1 2 3 5 6 |  6.4
Fighting       | 2 3 4 |  4.7
Dodging        | 3 4 |  4.2
Invocations    | 3 |  3.8

Action                   |  1- 3 |  4- 6 |  7- 9 | 10-12 || total
-------------------------+-------+-------+-------+-------++-------
Melee: Unarmed           |    95 |   159 |   244 |   215 ||   713
       Constrict         |    26 |    40 |    23 |     6 ||    95
       Kick              |    14 |    26 |    25 |     8 ||    73
       Tentacles         |     9 |    24 |    16 |     4 ||    53
       Punch             |     3 |     4 |     2 |     2 ||    11
Throw: Tomahawk          |       |       |       |     2 ||     2
 Cast: Beastly Appendage |    13 |    25 |    21 |     5 ||    64
       Sticks to Snakes  |     1 |       |     2 |     6 ||     9
       Spider Form       |       |     3 |    13 |     8 ||    24
       Ice Form          |       |       |     6 |     8 ||    14
Invok: Heroism           |       |       |       |     2 ||     2
  Use: Scroll            |       |    10 |     6 |     1 ||    17
       Potion            |       |       |     4 |     1 ||     5
 Stab: Sleeping          |     6 |    15 |     6 |     1 ||    28
       Distracted        |     1 |       |       |     2 ||     3
  Eat: Chunk             |     2 |    12 |    16 |     9 ||    39
       Ration            |       |       |     1 |       ||     1
Armor: Skin              |     7 |     8 |    25 |    37 ||    77
Dodge: Dodged            |    68 |    84 |   151 |   124 ||   427
